 Seeded DCSS version 0.30-a0-622-gddc90eaa04 (webtiles) character file.

Game seed: 10247192399490708033 (custom seed)

273 Juicyj the Shield-Bearer (level 6, -4/53 HPs)
             Began as a Gnoll Fighter on Jan 10, 2023.
             Slain by Grinder (5 damage)
             ... on level 3 of the Dungeon.
             The game lasted 00:03:20 (2103 turns).

Juicyj the Shield-Bearer (Gnoll Fighter)            Turns: 2103, Time: 00:03:20

Health: -4/53      AC:  7    Str: 15    XL:     6   Next: 24%
Magic:  9/9        EV:  9    Int:  8    God:
Gold:   114        SH:  5    Dex: 13    Spells: 9/9 levels left

rFire   . . .      SeeInvis .    a - +0 rapier
rCold   . . .      Faith    .    c - +0 buckler
rNeg    . . .      Spirit   .    b - +0 scale mail
rPois   .          Reflect  .    (no helmet)
rElec   .          Harm     .    (no cloak)
rCorr   .          Rampage  .    (no gloves)
Will    .....                    (no boots)
Stlth   +                        (no amulet)
HPRegen 0.28/turn                (no ring)
MPRegen 0.11/turn                (no ring)

@: no status effects
A: fangs 1, strong nose, distributed training
a: no special abilities


You were on level 3 of the Dungeon.
You visited 1 branch of the dungeon, and saw 3 of its levels.

You collected 114 gold pieces.

Inventory:

Hand Weapons
 a - a +0 rapier (weapon)
Armour
 b - a +0 scale mail (worn)
 c - a +0 buckler (worn)
Scrolls
 f - 3 scrolls of vulnerability {unknown}
 h - 3 scrolls of amnesia
 i - a scroll of identify {unknown}
 k - a scroll of teleportation
Potions
 d - a potion of might
 e - a potion of flight
 g - a potion of mutation {unknown}


   Skills:
 + Level 6.8 Fighting
 + Level 5.0 Short Blades
 + Level 2.0 Long Blades
 + Level 2.0 Axes
 + Level 2.0 Maces & Flails
 + Level 2.0 Polearms
 + Level 2.0 Staves
 + Level 2.0 Ranged Weapons
 + Level 2.0 Throwing
 + Level 6.8 Armour
 + Level 2.0 Dodging
 + Level 2.0 Stealth
 + Level 6.8 Shields
 + Level 2.0 Unarmed Combat
 + Level 2.0 Spellcasting
 + Level 1.5 Conjurations
 + Level 1.5 Hexes
 + Level 1.5 Summonings
 + Level 1.5 Necromancy
 + Level 1.5 Translocations
 + Level 1.5 Transmutations
 + Level 1.5 Fire Magic
 + Level 1.5 Ice Magic
 + Level 1.5 Air Magic
 + Level 1.5 Earth Magic
 + Level 1.5 Poison Magic
 + Level 2.1 Invocations
 + Level 2.0 Evocations


You had 9 spell levels left.
You didn't know any spells.
Your spell library contained the following spells:

 Spells                   Type           Power      Damage    Failure   Level
 Magic Dart               Conj           12%        1d3       63%         1
 Shock                    Conj/Air       12%        1d3       63%         1
 Call Imp                 Summ           3%         N/A       77%         2
 Mephitic Cloud           Conj/Pois/Air  3%         N/A       94%         3
 Swiftness                Air            3%         N/A       94%         3
 Airstrike                Air            1%         2d(1-17)  100%        4


Dungeon Overview and Level Annotations

Branches:
Dungeon (3/15)

Altars:
Zin

Shops:
D:1 ?   D:2 [

Annotations:
D:3 Grinder


Innate Abilities, Weirdness & Mutations

You have very sharp teeth.
Your uncanny sense of smell can sniff out nearby items.
Your experience applies equally to all skills.


Message History

You hit Grinder.
Grinder is severely wounded.
Grinder hits you but does no damage.
You hit Grinder but do no damage.
Grinder is severely wounded.
Grinder hits you but does no damage.
You hit Grinder. Your bite misses Grinder.
Grinder is almost dead.
Grinder hits you but does no damage.
You barely miss Grinder.
Grinder is almost dead.
Grinder hits you but does no damage.
You hit Grinder. You bite Grinder.
Grinder is almost dead.
Grinder hits you!
You writhe in agony.
* * * LOW HITPOINT WARNING * * *
You hit Grinder.
Grinder is almost dead.
Grinder blinks!
You block Grinder's attack.
You closely miss Grinder. Your bite misses Grinder.
Grinder is almost dead.
Grinder blinks!
Grinder says, "At least Makhleb appreciates what I'm doing."
Grinder barely misses you.
There is a stone staircase leading down, spattered with blood here.
Things that are here:
a +0 club; a hobgoblin corpse You closely miss Grinder.
Grinder is almost dead.
Grinder hits you.
* * * LOW HITPOINT WARNING * * *
You writhe in agony.
* * * LOW HITPOINT WARNING * * *
You hit Grinder but do no damage.
Grinder is almost dead.
Grinder hits you!
* * * LOW HITPOINT WARNING * * *
You writhe in agony.
You die...

#..# ∆
#..###...#.#
#..#.......#
##<.#.#.#.#.#
#...#.#.#.#.#
#..##...#.#.#
#..##...#.#.#
#.....$..†..#.##
#.###....@5....#
#.###..###.#....#
#......# #.# ####
#..##.#.##..
#....###...#.
##.##.# ##....
#.# .# ### #~ #.#
# ~~ #.#


You could see Grinder.

Vanquished Creatures
  Sigmund (D:2)
  Jessica (D:2)
  Terence (D:2)
  Robin (D:2)
  An adder (D:2)
  A worm (D:2)
  3 ball pythons (D:2)
  A giant cockroach (D:2)
  13 goblins
  5 hobgoblins
  2 quokkas
  A bat (D:2)
  4 frilled lizards
  2 kobolds (D:2)
  3 rats
40 creatures vanquished.

Vanquished Creatures (others)
  A goblin (D:2)
1 creature vanquished.

Grand Total: 41 creatures vanquished

Notes
Turn   | Place    | Note
-------+----------+-------------------------------------------
     0 | D:1      | Juicyj the Gnoll Fighter began the quest for the Orb.
     0 | D:1      | Reached XP level 1. HP: 23/23 MP: 1/1
   339 | D:1      | Found Osiqugy's Magic Scroll Boutique.
   815 | D:2      | Reached XP level 2. HP: 29/29 MP: 2/2
   846 | D:2      | Noticed Robin
   870 | D:2      | Killed Robin
   871 | D:2      | Reached XP level 3. HP: 11/35 MP: 2/4
   873 | D:2      | Reached skill level 1 in Invocations
   975 | D:2      | Found a glowing silver altar of Zin.
  1068 | D:2      | Reached skill level 1 in Long Blades
  1068 | D:2      | Reached skill level 1 in Axes
  1068 | D:2      | Reached skill level 1 in Maces & Flails
  1068 | D:2      | Reached skill level 1 in Polearms
  1068 | D:2      | Reached skill level 1 in Staves
  1068 | D:2      | Reached skill level 1 in Ranged Weapons
  1068 | D:2      | Reached skill level 1 in Throwing
  1068 | D:2      | Reached skill level 1 in Dodging
  1068 | D:2      | Reached skill level 1 in Stealth
  1068 | D:2      | Reached skill level 1 in Unarmed Combat
  1068 | D:2      | Reached skill level 1 in Spellcasting
  1068 | D:2      | Reached skill level 1 in Evocations
  1128 | D:2      | Noticed Jessica
  1139 | D:2      | Killed Jessica
  1140 | D:2      | Reached XP level 4. HP: 36/41 MP: 5/5
  1209 | D:2      | Reached skill level 1 in Conjurations
  1209 | D:2      | Reached skill level 1 in Hexes
  1209 | D:2      | Reached skill level 1 in Summonings
  1209 | D:2      | Reached skill level 1 in Necromancy
  1209 | D:2      | Reached skill level 1 in Translocations
  1209 | D:2      | Reached skill level 1 in Transmutations
  1209 | D:2      | Reached skill level 1 in Fire Magic
  1209 | D:2      | Reached skill level 1 in Ice Magic
  1209 | D:2      | Reached skill level 1 in Air Magic
  1209 | D:2      | Reached skill level 1 in Earth Magic
  1209 | D:2      | Reached skill level 1 in Poison Magic
  1228 | D:2      | Found Meakhlai's Armour Boutique.
  1489 | D:2      | Noticed Sigmund
  1565 | D:2      | Killed Sigmund
  1566 | D:2      | Reached XP level 5. HP: 20/47 MP: 5/7
  1566 | D:2      | Reached XP level 6. HP: 22/53 MP: 5/8
  1699 | D:2      | Noticed Terence
  1709 | D:2      | Killed Terence
  1710 | D:2      | Reached skill level 5 in Short Blades
  2055 | D:3      | Noticed Grinder
  2058 | D:3      | Paralysed by Grinder for 2 turns
  2080 | D:3      | Paralysed by Grinder for 2 turns
  2103 | D:3      | HP: 1/53 [Grinder (7)]
  2103 | D:3      | Slain by Grinder

Illustrated notes

Levels and vault maps discovered:
D:1:      dpeg_arrival_solitude, layout_loops_corners, serial_shops,
          nicolae_square_shop, chequers_serial_rivers_small_3
D:2:      layout_basic, serial_shops, shop, basic_altar, minmay_circle_x,
          uniq_robin, uniq_jessica, uniq_terence, uniq_sigmund
D:3:      cheibrodos_thug_alley, layout_loops_ring, serial_shops, shop,
          uniq_grinder, uniq_ijyb

Skill      XL: |  1  2  3  4  5  6 |
---------------+-------------------+-----
Invocations    | 1 2 |  2.1
Long Blades    | 1 2 |  2.0
Axes           | 1 2 |  2.0
Maces & Flails | 1 2 |  2.0
Polearms       | 1 2 |  2.0
Staves         | 1 2 |  2.0
Ranged Weapons | 1 2 |  2.0
Throwing       | 1 2 |  2.0
Dodging        | 1 2 |  2.0
Stealth        | 1 2 |  2.0
Unarmed Combat | 1 2 |  2.0
Spellcasting   | 1 2 |  2.0
Evocations     | 1 2 |  2.0
Conjurations   | 1 |  1.5
Hexes          | 1 |  1.5
Summonings     | 1 |  1.5
Necromancy     | 1 |  1.5
Translocations | 1 |  1.5
Transmutations | 1 |  1.5
Fire Magic     | 1 |  1.5
Ice Magic      | 1 |  1.5
Air Magic      | 1 |  1.5
Earth Magic    | 1 |  1.5
Poison Magic   | 1 |  1.5
Short Blades   | 5 |  5.0
Fighting       | |  6.8
Armour         | |  6.8
Shields        | |  6.8

Action                   |  1- 3 |  4- 6 || total
-------------------------+-------+-------++-------
Melee: Rapier            |    89 |   129 ||   218
       Bite              |    11 |    10 ||    21
  Use: Scroll            |     4 |       ||     4
       Potion            |     2 |     3 ||     5
Armor: Scale mail        |    26 |    40 ||    66
Dodge: Dodged            |    34 |    41 ||    75
Block: Buckler           |    13 |    27 ||    40

Table legend: (Time is in decaauts)
 A = Elapsed time spent in this place.
 B = Non-inter-level travel time spent in this place.
 C = Inter-level travel time spent in this place.
 D = Time resting spent in this place.
 E = Time spent auto-exploring this place.
 F = Levels seen in this place.
 G = Mean time per level.
                   A        B        C        D        E       F      G
               +--------+--------+--------+--------+--------+-----+--------+
         Total |   2104 |   2057 |     47 |    108 |   1541 |   3 |  701.3 |
       Dungeon |   2104 |   2057 |     47 |    108 |   1541 |   3 |  701.3 |
               +--------+--------+--------+--------+--------+-----+--------+

Top non-repeatable levels by time:
     D:2: 1241 daAuts
     D:1: 792 daAuts
     D:3: 70 daAuts
